 Dungeon Crawl Stone Soup version 0.17-a0-1997-ga88ed7d (console) character file.

127 loynis2 the Cudgeler (level 4, 0/41 HPs)
             Began as a Troll Fire Elementalist on Oct 8, 2015.
             Slain by Grinder (11 damage)
             ... on level 3 of the Dungeon.
             The game lasted 00:07:19 (1712 turns).

loynis2 the Cudgeler (Troll Fire Elementalist)      Turns: 1712, Time: 00:07:19

Health: 0/41       AC:  5    Str: 17    XL:     4   Next: 85%
Magic:  4/4        EV:  9    Int: 11    God:
Gold:   165        SH:  0    Dex: 10    Spells: 1 memorised, 4 levels left

rFire  + . .     SeeInvis .     (no weapon)
rCold  + . .     Clarity  .     a - +0 robe
rNeg   . . .     SustAt   .     (no shield)
rPois  +         Gourm    +     (helmet restricted)
rElec  +         Spirit   .     (no cloak)
rCorr  +         Warding  .     (gloves unavailable)
rMut   .         Stasis   .     (boots unavailable)
MR     .....                    (no amulet)
Stlth  +.........               (no ring)
                                (no ring)

@: resistant, not resistant to hostile enchantments, very unstealthy
A: unfitting armour, claws 3, fast metabolism 3, gourmand, regeneration 2,
shaggy fur 1, tough skin 2
a: no special abilities


You were on level 3 of the Dungeon.
You were very full.

You visited 1 branch of the dungeon, and saw 3 of its levels.

You collected 165 gold pieces.

Inventory:

Hand Weapons
 o - a +0 whip
Missiles
 d - 17 poisoned needles
 e - 53 stones
 g - 12 tomahawks (quivered)
Armour
 a - a +0 robe (worn)
 p - a +0 shield
Scrolls
 j - a scroll of magic mapping {unknown}
 l - a scroll of enchant armour {unknown}
 m - 3 scrolls of remove curse
 r - a scroll of teleportation
Potions
 k - a potion of degeneration {unknown}
 q - a potion of mutation {unknown}
 s - a potion of curing {unknown}
 t - a potion of cancellation {unknown}
Books
 b - a book of Flames

   Spells                             Type                      Level
   a - Flame Tongue                   Conjuration/Fire             1
   b - Throw Flame                    Conjuration/Fire             2
   c - Conjure Flame                  Conjuration/Fire             3
   d - Inner Flame                    Hexes/Fire                   3
   e - Sticky Flame                   Conjuration/Fire             4
   f - Fireball                       Conjuration/Fire             5
Comestibles
 c - 2 bread rations
 f - a beef jerky
 n - 2 slices of pizza


   Skills:
 - Level 1.4 Fighting
 + Level 3.6 Maces & Flails
 - Level 1.5 Dodging
 - Level 1.1 Stealth
 - Level 1.2 Spellcasting
 - Level 0.6 Conjurations
 - Level 2.1 Fire Magic


You had 4 spell levels left.
You knew the following spells:

 Your Spells              Type           Power        Failure   Level  Hunger
a - Flame Tongue          Conj/Fire      #....        21%         1    ##.....


Dungeon Overview and Level Annotations

Branches:
Dungeon (3/15)

Altars:
Ru

Annotations:
D:3 Grinder


Innate Abilities, Weirdness & Mutations

You are too large for most types of armour.
You have claws for hands.
Your metabolism is lightning-fast.
You like to eat raw meat.
You heal very quickly.
You are covered in fur (AC +1).
You have very tough skin (AC +2).


Message History

You closely miss Grinder.
Grinder is moderately wounded.
The bat barely misses you. The bat closely misses you.
Grinder says, "FISH!"
Grinder hits you.
You writhe in agony.
* * * LOW HITPOINT WARNING * * *
A rat comes into view.
You scratch Grinder.
Grinder is heavily wounded.
The bat barely misses you. Grinder hits you but does no damage.
You scratch the goblin.
You kill the goblin!
The bat completely misses you. The bat closely misses you. Grinder hits you.
* * * LOW HITPOINT WARNING * * *
Drink which item? (? for menu, Esc to quit)
It was a potion of resistance.
You feel protected. The bat barely misses you. x2
Grinder hits you!
You die...

# #.. ... #.. #.# ...
##.. #.####.#
##...####......#
...#..........
.......r.#.###
#.g........####
#......#)b....#
#.#..###5@....#
#.#..###......# .
#.......#######
...###.#.###.##
........####..# ##
...###....†##.## ..# .
#.###.<...##.).#
....###.######.>.....#
........)...(..÷.#...#


You could see Grinder, a bat and a rat.

Vanquished Creatures
  Jessica (D:2)
  Terence (D:3)
  An adder (D:2)
  2 worms (D:2)
  2 giant geckos (D:1)
  7 bats
  5 goblins
  3 hobgoblins
  11 jackals
  10 kobolds
  2 quokkas
  3 giant newts
  7 rats
55 creatures vanquished.

Notes
Turn   | Place    | Note
--------------------------------------------------------------
     0 | D:1      | loynis2 the Troll Fire Elementalist began the quest for the Orb.
     0 | D:1      | Reached XP level 1. HP: 16/16 MP: 1/1
   188 | D:1      | Reached skill level 1 in Fighting
   259 | D:1      | Reached XP level 2. HP: 27/27 MP: 0/2
   775 | D:1      | Reached skill level 1 in Maces & Flails
   944 | D:2      | Found a sacrificial altar of Ru.
   952 | D:2      | Reached XP level 3. HP: 26/33 MP: 3/3
  1325 | D:2      | Noticed Jessica
  1475 | D:2      | Killed Jessica
  1475 | D:2      | Reached skill level 3 in Maces & Flails
  1475 | D:2      | Reached XP level 4. HP: 38/41 MP: 4/4
  1665 | D:3      | Noticed Terence
  1676 | D:3      | Killed Terence
  1698 | D:3      | Noticed Grinder
  1712 | D:3      | Slain by Grinder

Vault maps used:
D:1:      dpeg_arrival_shelter, serial_bayou_crossing
D:2:      nicolae_overflow_hidden_temple, uniq_jessica
D:3:      uniq_grinder, uniq_terence

Action                   |  1- 3 |  4- 6 || total
-------------------------+-------+-------++-------
Melee: Unarmed           |   170 |    48 ||   218
       Whip              |     4 |       ||     4
 Cast: Flame Tongue      |     8 |       ||     8
  Use: Scroll            |     2 |       ||     2
       Potion            |       |     1 ||     1
 Stab: Distracted        |     1 |       ||     1
       Sleeping          |     1 |       ||     1
  Eat: Chunk             |    19 |     2 ||    21
